 Dungeon Crawl Stone Soup version 0.15.2 (console) character file.

145 Ge0ff the Cutter (level 5, -3/34 HPs)
             Began as a Halfling Gladiator on Dec 6, 2022.
             Slain by Grinder (9 damage)
             ... on Level 3 of the Dungeon.
             The game lasted 00:08:56 (2715 turns).

Ge0ff the Cutter (Halfling Gladiator)               Turns: 2715, Time: 00:08:56

HP  -3/34        AC  5     Str 16      XL: 5   Next: 53%
MP   6/6         EV 15     Int  7      God:
Gold 99          SH  0     Dex 15      Spells:  0 memorised,  4 levels left

rFire  + . .     SeeInvis .     a - +0 short sword (venom)
rCold  . . .     Clarity  .     T - +0 leather armour
rNeg   . . .     rCorr    .     (no shield)
rPois  .         rRot     .     c - +1 helmet
rElec  .         Spirit   .     (no cloak)
SustAb .         Warding  .     (no gloves)
rMut   .         Stasis   .     (no boots)
Gourm  .                        (no amulet)
MR     .....                    V - ring of regeneration
                                I - ring of protection from fire {=R}

@: not resistant to hostile enchantments, unstealthy
A: mutation resistance 1
a: no special abilities


You were on level 3 of the Dungeon.
You were hungry.

You visited 1 branch of the dungeon, and saw 3 of its levels.

You collected 99 gold pieces.

Inventory:

Hand weapons
 a - a +0 short sword of venom (weapon)
 b - a +0 hunting sling
 h - a +0 cutlass
 X - a +0 dagger of venom
Missiles
 n - 46 stones (quivered)
 U - 16 sling bullets
Armour
 c - a +1 helmet (worn)
 N - a +0 scale mail
 T - a +0 leather armour (worn)
Comestibles
 f - a bread ration
 l - 2 meat rations
 o - a slice of pizza
 E - a royal jelly
Scrolls
 m - a scroll of magic mapping
 C - 2 scrolls of remove curse
Jewellery
 I - a ring of protection from fire (left hand) {=R}
 J - an uncursed ring of wizardry
 V - a ring of regeneration (right hand)
Potions
 D - a potion of mutation {!q}
 R - a potion of restore abilities
Miscellaneous
 Z - a plain deck of destruction


   Skills:
 - Level 2.0 Fighting
 - Level 4.0 Short Blades
 * Level 3.2(3.8) Slings
 - Level 2.6(3.3) Throwing
 + Level 2.4 Armour
 - Level 4.0 Dodging
 - Level 2.0 Stealth
 + Level 1.2 Evocations


You had 4 spell levels left.
You didn't know any spells.

Dungeon Overview and Level Annotations

Branches:
Dungeon (3/15)

Altars:
Nemelex Xobeh
Qazlal
Sif Muna

Annotations:
D:3 Grinder; Miles554's ghost, average OgFi


Innate Abilities, Weirdness & Mutations

You are small and have problems with some larger weapons.
You are somewhat resistant to further mutation.


Message History

Grinder gestures at you. Pain shoots through your body!
* * * LOW HITPOINT WARNING * * *
You hit Grinder.
Grinder is almost dead.
Grinder misses you.
Drink which item? (? for menu, Esc to quit)
Okay, then.
You hit Grinder.
Grinder is almost dead.
Grinder gestures at you. Pain shoots through your body!
* * * LOW HITPOINT WARNING * * *
You hit Grinder but do no damage.
Grinder is almost dead.
Grinder misses you.
You hit Grinder.
Grinder is almost dead.
Grinder hits you!
You die...

####### ###.....###
#(........#
#.()......#####
#######.....###...#
......(......)..(.#
ยง.####.<#######.5.#
#..# #[## ##@##
##.###.#########(..#
...................#
##...#.########(...#
....5..###....(..###
...........#####.#
....#.....## #.#
....#...#..### #.#
........##...# .(.


You could see Grinder.

Vanquished Creatures
  A crimson imp (D:3)
  4 adders
  A giant mite (D:1)
  3 giant geckos
  6 orcs (D:3)
  2 giant cockroaches (D:2)
  8 goblins
  7 hobgoblins
  3 jackals (D:2)
  9 kobolds
  4 bats
  3 giant newts
  7 rats
58 creatures vanquished.

Notes
Turn   | Place    | Note
--------------------------------------------------------------
     0 | D:1      | Ge0ff, the Halfling Gladiator, began the quest for the Orb.
     0 | D:1      | Reached XP level 1. HP: 14/14 MP: 1/1
   100 | D:1      | Reached XP level 2. HP: 19/19 MP: 2/2
   633 | D:1      | Reached skill level 1 in Stealth
   633 | D:1      | Reached XP level 3. HP: 17/24 MP: 3/3
   931 | D:1      | Reached skill level 1 in Armour
  1575 | D:2      | Reached XP level 4. HP: 29/29 MP: 4/4
  1630 | D:2      | Reached skill level 1 in Slings
  1751 | D:2      | Found a stormy altar of Qazlal.
  1766 | D:2      | Found a sparkling altar of Nemelex Xobeh.
  1932 | D:2      | Found a deep blue altar of Sif Muna.
  2196 | D:3      | Noticed Grinder
  2209 | D:3      | Reached XP level 5. HP: 34/34 MP: 5/5
  2353 | D:3      | Reached skill level 1 in Evocations
  2362 | D:3      | Noticed Miles554's ghost (average OgFi)
  2699 | D:3      | Paralysed by Grinder for 2 turns
  2715 | D:3      | Slain by Grinder

Action                   |  1- 3 |  4- 6 || total
-------------------------+-------+-------++-------
Melee: Cutlass           |    98 |    20 ||   118
       Short sword       |       |    56 ||    56
 Fire: Hunting sling     |       |    49 ||    49
Throw: Stone             |       |     3 ||     3
       Throwing net      |       |     3 ||     3
  Use: Scroll            |    10 |     2 ||    12
       Potion            |       |     3 ||     3
 Stab: Sleeping          |       |     6 ||     6
       Distracted        |       |     1 ||     1
  Eat: Chunk             |     2 |     4 ||     6

Vault maps used:
D:1:      dpeg_arrival_windows_large_door, fountainhead
D:2:      nemelex_deck, nicolae_overflow_hidden_temple, lemuel_crystal_altar,
          minmay_distorted
D:3:      first_bread, uniq_grinder
